 Dungeon Crawl Stone Soup version 0.23-a0-171-g5ae17c6 (webtiles) character file.

18277 MixedMeta the Carver (level 12, -1/108 HPs)
             Began as a Minotaur Fighter on Sept 13, 2018.
             Was an Elder of the Shining One.
             Killed from afar by a shock serpent (13 damage)
             ... with a bolt of electricity
             ... on level 1 of the Snake Pit on Sept 14, 2018.
             The game lasted 00:42:32 (10603 turns).

MixedMeta the Carver (Minotaur Fighter)            Turns: 10603, Time: 00:42:33

Health: -1/108     AC: 19    Str: 26    XL:     12   Next: 26%
Magic:  0/22       EV: 11    Int: 10    God:    the Shining One [****..]
Gold:   1070       SH: 12    Dex: 10    Spells: 11/11 levels left

rFire    x . .     SeeInvis .   L - +6 long sword
rCold    + . .     Gourm    .   Y - +0 shield
rNeg     + + +     Faith    .   K - +0 pearl dragon scales
rPois    .         Spirit   +   S - +3 hat of Pondering {ponderous, MR+ MP+10 Int+5}
rElec    .         Reflect  .   (no cloak)
rCorr    .         Harm     .   U - +0 pair of gloves
MR       +....                  (no boots)
Stlth    ..........             J - amulet of guardian spirit
HPRegen  0.28/turn              u - ring of flight
MPRegen  0.18/turn              P - ring of ice

@: glowing, slow
A: retaliatory headbutt, horns 2
a: Divine Shield, Cleansing Flame, Renounce Religion, Evoke Flight


You were on level 1 of the Snake Pit.
You worshipped the Shining One.
The Shining One was greatly pleased with you.
You were not hungry.

You visited 3 branches of the dungeon, and saw 11 of its levels.

You collected 1070 gold pieces.

Inventory:

Hand Weapons
 a - a +0 long sword
 s - a +0 great sword
 L - a +6 long sword (weapon)
Missiles
 k - 225 stones (quivered)
 l - 3 large rocks
Armour
 b - a +0 scale mail
 c - a +0 shield
 e - a +0 chain mail
 K - +0 pearl dragon scales (worn)
 S - the +3 hat of Pondering (worn) {ponderous, MR+ MP+10 Int+5}
   (You took it off Gastronok on level 1 of the Lair of Beasts)

   It affects your intelligence (+5).
   It affects your resistance to hostile enchantments.
   It affects your magic capacity (+10).
 U - a +0 pair of gloves (worn)
 Y - a +0 shield (worn)
Magical Staves
 h - an uncursed staff of energy {unknown}
 B - an uncursed staff of wizardry {unknown}
Jewellery
 u - a ring of flight (left hand)
 F - an uncursed ring of wizardry
 J - an amulet of guardian spirit (around neck)
 M - an uncursed amulet of magic regeneration
 P - a ring of ice (right hand)
 R - a +3 ring of intelligence
 W - an uncursed ring of stealth {unknown}
Wands
 j - a wand of digging (13)
 I - a wand of disintegration (8)
 Q - a wand of enslavement (6)
Scrolls
 g - 2 scrolls of immolation
 m - 2 scrolls of magic mapping
 x - 3 scrolls of amnesia
 y - 2 scrolls of random uselessness {unknown}
 A - a scroll of blinking {unknown}
 C - 2 scrolls of remove curse
 E - 2 scrolls of enchant armour {unknown}
 H - a scroll of enchant weapon
 T - 4 scrolls of identify
 V - a scroll of summoning {unknown}
 X - a scroll of vulnerability {unknown}
Potions
 d - a potion of ambrosia
 i - 3 potions of curing
 n - 3 potions of lignification
 q - a potion of mutation {unknown}
 r - a potion of experience {unknown}
 t - a potion of degeneration {unknown}
 v - 2 potions of brilliance
 D - a potion of flight {unknown}
 G - 2 potions of heal wounds
 N - a potion of cancellation {unknown}
 O - a potion of berserk rage {unknown}
Comestibles
 f - 19 rations


   Skills:
 + Level 10.9 Fighting
 + Level 14.3 Long Blades
 + Level 0.8 Throwing
 + Level 10.6 Armour
 + Level 5.7 Dodging
 + Level 1.3 Stealth
 + Level 11.1 Shields
 + Level 2.0 Evocations


You had 11 spell levels left.
You didn't know any spells.
Your spell library contained the following spells:

 Spells                   Type           Power        Failure   Level  Hunger
 Summon Small Mammal      Summ           #...         80%         1    ##.....
 Blink                    Tloc           N/A          91%         2    ###....
 Call Imp                 Summ           #.......     91%         2    ###....
 Shroud of Golubria       Chrm/Tloc      #.........   91%         2    ###....
 Call Canine Familiar     Summ           #.......     99%         3    ####...
 Gell's Gravitas          Tloc           #.........   99%         3    ####...
 Lesser Beckoning         Tloc           #.........   99%         3    ####...
 Summon Guardian Golem    Hex/Summ       #.......     99%         3    ####...
 Teleport Other           Tloc           #.......     99%         3    ####...
 Passage of Golubria      Tloc           N/A          100%        4    #####..
 Summon Ice Beast         Ice/Summ       #.......     100%        4    #####..
 Summon Lightning Spire   Summ/Air       #.......     100%        4    #####..


Dungeon Overview and Level Annotations

Branches:
Dungeon (8/15)             Temple (0/1) D:7            Lair (2/6) D:8
  Swamp (0/4) Lair:2        Snake (1/4) Lair:2

Altars:
Cheibriados
Dithmenos
Kikubaaqudgha
Okawaru
Qazlal
Ru
Wu Jian
The Shining One
Beogh

Annotations:
Snake:1 Kirke


Innate Abilities, Weirdness & Mutations

You reflexively headbutt those who attack you in melee.
You have a pair of horns on your head.


Message History

The shock serpent shoots out a bolt of lightning at you!
The bolt of electricity hits you!
* * * LOW HITPOINT WARNING * * *
The shock serpent shoots out a bolt of lightning at you!
The bolt of electricity hits you!
* * * LOW HITPOINT WARNING * * *
The bolt of electricity hits you!
* * * LOW HITPOINT WARNING * * *
As you read the scroll of fear, it crumbles to dust.
You assume a fearsome visage.
The shock serpent looks frightened!
As you read the scroll of fog, it crumbles to dust.
The scroll dissolves into smoke.
You start resting.
The shock serpent is too close now for your liking.
You barely miss the shock serpent.
The shock serpent shoots out a bolt of lightning at you!
The bolt of electricity hits you!
* * * LOW HITPOINT WARNING * * *
The bolt of electricity hits you!
You die...

###### ###S.#.#
#.@##.# #ยง#.##.#
.# .. #.##.# #..
...###.##.## #.#
............##..#
..
###..##......## .
###..##.......#
.....#...#..#..
....h...##..# .


You could see a shock serpent.

Vanquished Creatures
  Gastronok (Lair:1)
  2 shock serpents (Snake:1)
  A naga sharpshooter (Snake:1)
  An elephant (Lair:2)
  3 spiny frogs
  A rime drake (Lair:2)
  3 komodo dragons
  A queen bee (Lair:2)
  9 blink frogs
  A hornet (D:8)
  2 bog bodies (Lair:2)
  7 hippogriffs
  8 yaks
  2 wyverns (Lair:2)
  A hungry ghost (D:7)
  A basilisk (Lair:1)
  3 swamp worms (Lair:2)
  3 nagas (Lair:2)
  6 water moccasins
  5 porcupines
  An orc warrior (D:8)
  3 sky beasts
  A phantom (D:5)
  2 black bears
  A wolf (Lair:2)
  6 ogres
  4 crocodiles
  A big kobold (D:7)
  10 bullfrogs
  A wyvern skeleton (D:8)
  A scorpion (D:7)
  32 killer bees
  8 wights (D:6)
  2 howler monkeys (D:8)
  2 electric eels
  4 crimson imps
  2 centaur zombies
  3 hounds
  3 jellies
  4 orc priests
  6 orc wizards
  A bullfrog skeleton (D:5)
  4 iguanas
  6 worker ants
  A hell rat (Lair:2)
  A hound skeleton (D:6)
  A hound zombie (D:5)
  6 gnolls
  A howler monkey skeleton (D:6)
  9 adders
  2 shadow imps
  2 oozes
  3 adder zombies
  A worm (D:4)
  4 dart slugs
  5 leopard geckos
  28 orcs
  4 giant cockroaches
  4 goblins
  5 hobgoblins
  3 jackals (D:1)
  13 kobolds
  5 quokkas
  2 ball pythons
  3 bats (D:1)
  3 frilled lizards
  A jackal skeleton (D:5)
  A jackal zombie (D:6)
  A leopard gecko skeleton (D:5)
  A quokka skeleton (D:4)
  A quokka zombie (D:6)
  8 rats
288 creatures vanquished.

Vanquished Creatures (others)
  A fungus (Lair:2)
  11 plants
12 creatures vanquished.

Grand Total: 300 creatures vanquished

Notes
Turn   | Place    | Note
-------+----------+-------------------------------------------
     0 | D:1      | MixedMeta the Minotaur Fighter began the quest for the Orb.
     0 | D:1      | Reached XP level 1. HP: 19/19 MP: 0/0
   138 | D:1      | Reached XP level 2. HP: 26/27 MP: 1/1
   599 | D:1      | Reached XP level 3. HP: 33/33 MP: 2/2
   788 | D:2      | Reached skill level 3 in Long Blades
   788 | D:2      | Reached skill level 1 in Dodging
   954 | D:2      | Reached XP level 4. HP: 39/40 MP: 3/3
  1144 | D:2      | Found a sacrificial altar of Ru.
  1144 | D:2      | Found an ancient bone altar of Kikubaaqudgha.
  1538 | D:3      | Found a roughly hewn altar of Beogh.
  1543 | D:3      | Reached XP level 5. HP: 23/46 MP: 4/4
  1547 | D:3      | Reached skill level 5 in Shields
  1550 | D:3      | HP: 2/46 [orc priest/divine providence (13)]
  1893 | D:3      | Reached skill level 4 in Long Blades
  2975 | D:4      | Found a glowing golden altar of the Shining One.
  3014 | D:4      | Became a worshipper of the Shining One
  3074 | D:4      | Found a stormy altar of Qazlal.
  3076 | D:4      | Noticed a fire elemental
  3076 | D:4      | Noticed an air elemental
  3077 | D:4      | Noticed a water elemental
  3233 | D:4      | Noticed an ogre
  3242 | D:4      | Killed an ogre
  3242 | D:4      | Reached skill level 5 in Armour
  3242 | D:4      | Reached XP level 6. HP: 34/53 MP: 5/5
  3360 | D:5      | Entered Level 5 of the Dungeon
  3439 | D:5      | Noticed a sky beast
  3448 | D:5      | Killed a sky beast
  3448 | D:5      | Reached skill level 5 in Long Blades
  3509 | D:5      | Reached XP level 7. HP: 59/60 MP: 6/6
  3606 | D:5      | Found a shadowy altar of Dithmenos.
  3621 | D:5      | Reached * piety under the Shining One
  3735 | D:5      | Found an iron altar of Okawaru.
  3749 | D:5      | Reached skill level 6 in Long Blades
  3753 | D:5      | Found a snail-covered altar of Cheibriados.
  3839 | D:5      | Noticed a hippogriff
  3854 | D:5      | Killed a hippogriff
  3854 | D:5      | Reached skill level 5 in Fighting
  4135 | D:6      | Reached skill level 7 in Long Blades
  4138 | D:6      | Reached XP level 8. HP: 39/68 MP: 7/7
  4163 | D:6      | Reached ** piety under the Shining One
  4489 | D:6      | Reached skill level 8 in Long Blades
  5090 | D:7      | Found an ornate altar of the Wu Jian Council.
  5137 | D:7      | Reached skill level 9 in Long Blades
  5370 | D:7      | Reached XP level 9. HP: 44/75 MP: 5/8
  5818 | D:7      | Reached *** piety under the Shining One
  5897 | D:7      | Found a staircase to the Ecumenical Temple.
  6003 | D:8      | Reached skill level 10 in Long Blades
  6085 | D:8      | Reached skill level 11 in Long Blades
  6265 | D:8      | Reached XP level 10. HP: 38/86 MP: 9/9
  6644 | D:8      | Found a staircase to the Lair.
  6811 | Lair:1   | Entered Level 1 of the Lair of Beasts
  6944 | Lair:1   | Noticed a spiny frog
  6950 | Lair:1   | Killed a spiny frog
  7018 | Lair:1   | Reached skill level 12 in Long Blades
  7399 | Lair:1   | Noticed Gastronok
  7727 | Lair:1   | You fall through a shaft!
  7735 | Lair:2   | Reached skill level 1 in Evocations
  7735 | Lair:2   | Noticed a spiny frog
  7744 | Lair:2   | Killed a spiny frog
  7934 | Lair:2   | Reached XP level 11. HP: 67/97 MP: 9/11
  7941 | Lair:2   | Reached skill level 1 in Stealth
  8331 | Lair:2   | Reached **** piety under the Shining One
  8370 | Lair:2   | Reached skill level 13 in Long Blades
  8444 | Lair:2   | Found a staircase to the Snake Pit.
  8453 | Lair:2   | Reached skill level 10 in Shields
  8843 | Lair:2   | Reached skill level 10 in Fighting
  8880 | Lair:1   | Reached skill level 5 in Dodging
  8884 | Lair:1   | Reached skill level 10 in Armour
  9225 | Lair:1   | Killed Gastronok
  9718 | Lair:2   | Found a staircase to the Swamp.
  9723 | Lair:2   | Reached XP level 12. HP: 87/107 MP: 12/12
  9789 | Lair:2   | Reached skill level 14 in Long Blades
 10145 | Snake:1  | Entered Level 1 of the Snake Pit
 10515 | Snake:1  | Noticed an anaconda
 10561 | Snake:1  | Noticed Kirke
 10603 | Snake:1  | Killed from afar by a shock serpent

Vault maps used:
D:1:      roderic_dead_forest
D:2:      gammafunk_temple_overflow_pools
D:3:      kennysheep_orc_chapel
D:4:      tso_metal_star, nicolae_qazlal_style_of_elements, first_ration,
          grunt_ministairs_13
D:5:      overflow_temple_1_default, cheibriados_altar_1,
          kennysheep_decorative_pillar, grunt_dithmenos_shadows
D:7:      lemuel_crystal_altar, minmay_temple_entry_grid
D:8:      david_lair_shrubbed
Lair:1:   grunt_megastairs_1, serial_bayou_shore_a, infiniplex_staircase_pool_2,
          uniq_gastronok
Lair:2:   regret_index_tunnel_blossom, nicolae_swamp_entry_splash_gauntlet,
          minmay_snake_entry_guardpost_small
Snake:1:  uniq_kirke

Skill      XL: |  1  2  3  4  5  6  7  8  9 10 11 12 |
---------------+-------------------------------------+-----
Shields        | 4 5 6 7 8 9 10 11 | 11.1
Fighting       | 4 5 6 7 9 10 | 10.9
Armour         | 4 5 7 9 10 | 10.6
Long Blades    | 3 4 5 7 9 11 12 13 14 | 14.3
Dodging        | 1 2 3 4 5 |  5.7
Evocations     | 1 2 |  2.0
Stealth        | 1 |  1.3
Throwing       | |  0.8

Action                   |  1- 3 |  4- 6 |  7- 9 | 10-12 || total
-------------------------+-------+-------+-------+-------++-------
Melee: Long sword        |   102 |   140 |   287 |   337 ||   866
       Headbutt          |    16 |    21 |    55 |    87 ||   179
Throw: Stone             |       |       |     1 |       ||     1
Evoke: Wand              |       |       |       |    18 ||    18
  Use: Scroll            |     2 |     4 |     6 |    14 ||    26
       Potion            |       |     1 |     1 |     8 ||    10
  Eat: Chunk             |       |     5 |    10 |     6 ||    21
       Ration            |       |     1 |       |     3 ||     4
Armor: Chain mail        |    80 |    24 |       |       ||   104
       Plate armour      |       |    29 |       |       ||    29
       Pearl dragon scal |       |       |   114 |   115 ||   229
Dodge: Dodged            |    30 |    20 |    99 |   123 ||   272
Block: Shield            |    76 |    83 |   165 |   190 ||   514
       Rpst.: Long sword |    12 |     5 |    20 |    27 ||    64

Table legend:
 A = Non-vault XP
 B = Vault XP
 C = Vault XP percentage of total XP
 D = Non-vault monster count
 E = Vault monster count
 F = Vault count percentage of total count
                 A         B        C        D         E       F
            +---------+---------+-------+---------+---------+-------
      Total |   14674 |   11436 |  43.8 |     219 |      69 |  24.0
            +---------+---------+-------+---------+---------+-------
        D:1 |      41 |       0 |   0.0 |      20 |       0 |   0.0
        D:2 |     112 |       0 |   0.0 |      20 |       0 |   0.0
        D:3 |      36 |      87 |  70.7 |      13 |       4 |  23.5
        D:4 |     198 |       2 |   1.0 |      11 |       1 |   8.3
        D:5 |     679 |     125 |  15.5 |      18 |       1 |   5.3
        D:6 |    1144 |       0 |   0.0 |      31 |       0 |   0.0
        D:7 |    1279 |       0 |   0.0 |      30 |       0 |   0.0
        D:8 |    1968 |     372 |  15.9 |      40 |       1 |   2.4
     Lair:1 |    3238 |    3484 |  51.8 |      15 |       6 |  28.6
     Lair:2 |    3463 |    7366 |  68.0 |      18 |      56 |  75.7
    Snake:1 |    2516 |       0 |   0.0 |       3 |       0 |   0.0
            +---------+---------+-------+---------+---------+-------
